 Dungeon Crawl Stone Soup version 0.29.1-1-gd02db69 (webtiles) character file.

Game seed: 2451010404888896755

58 Timinator the Insei (level 3, -3/28 HPs)
             Began as a Demigod Transmuter on Dec 22, 2022.
             Slain by Terence
             ... wielding a +0 trident
              (4 damage)
             ... on level 3 of the Dungeon.
             The game lasted 00:04:42 (1934 turns).

Timinator the Insei (Demigod Transmuter)            Turns: 1934, Time: 00:04:42

Health: -3/28      AC:  6    Str: 11    XL:     3   Next: 52%
Magic:  3/8        EV: 12    Int: 15    God:
Gold:   229        SH:  0    Dex: 18    Spells: 3/6 levels left

rFire   . . .      SeeInvis .     - Unarmed
rCold   + . .      Faith    .   (no shield)
rNeg    + . .      Spirit   .   d - +0 leather armour
rPois   .          Reflect  .   (no helmet)
rElec   .          Harm     .   h - +0 cloak
rCorr   .          Rampage  .   j - +0 pair of gloves
Will    .....                   e - +0 pair of boots
Stlth   +.........              (no amulet)
HPRegen 0.09/turn               f - ring of protection from cold
MPRegen 0.11/turn               p - ring of positive energy

@: wereblooded, very slightly contaminated
A: high MP 1, forlorn, divine attributes
a: no special abilities


You were on level 3 of the Dungeon.
You visited 1 branch of the dungeon, and saw 3 of its levels.

You collected 229 gold pieces.

Inventory:

Missiles
 r - 6 poisoned darts
Armour
 d - a +0 leather armour (worn)
 e - a +0 pair of boots (worn)
 h - a +0 cloak (worn)
 j - a +0 pair of gloves (worn)
Jewellery
 f - a ring of protection from cold (left hand)
 l - a ring of protection from cold
 p - a ring of positive energy (right hand)
Scrolls
 c - a scroll of fear {unknown}
 i - a scroll of vulnerability {unknown}
 k - a scroll of amnesia {unknown}
 m - a scroll of teleportation {unknown}
 n - 3 scrolls of identify {unknown}
 o - a scroll of blinking {unknown}
 s - a scroll of summoning {unknown}
Potions
 a - a potion of might {unknown}
 b - a potion of lignification
 g - a potion of brilliance {unknown}
 q - a potion of resistance {unknown}


   Skills:
 * Level 1.4 Fighting
 * Level 1.0 Armour
 * Level 2.2 Dodging
 + Level 3.0 Unarmed Combat
 + Level 2.0 Spellcasting
 * Level 2.2 Transmutations


You had 3 spell levels left.
You knew the following spells:

 Your Spells              Type           Power      Damage    Failure   Level
a - Beastly Appendage     Tmut           16%        N/A       12%         1
b - Wereblood             Tmut           8%         N/A       17%         2

Your spell library contained the following spells:

 Spells                   Type           Power      Damage    Failure   Level
 Spider Form              Tmut/Pois      4%         N/A       50%         3
 Ozocubu's Armour         Ice            1%         N/A       65%         3
 Ice Form                 Ice/Tmut       4%         N/A       88%         4
 Ozocubu's Refrigeration  Ice            0%         4d7       100%        7


Dungeon Overview and Level Annotations

Branches:
Dungeon (3/15)

Annotations:
D:3 Terence


Innate Abilities, Weirdness & Mutations

You have an increased reservoir of magic. (+10% MP)
You shall have no god before yourself.
Your divine heritage dramatically boosts your attributes as you level up.


Message History

Your transformation is almost over.
The gnoll barely misses you.
You hit the gnoll. Your kick misses the gnoll.
The gnoll is moderately wounded.
You closely miss the gnoll. You claw the gnoll. You headbutt the gnoll.
You feel a bit better.
You kill the gnoll!
Terence hits you from afar with a +0 trident.
You completely miss the gnoll. You claw the gnoll, but do no damage.
The gnoll is moderately wounded.
You howl as the wereblood boils in your veins!
The gnoll closely misses you. Terence barely misses you.
You hit the gnoll but do no damage. You claw the gnoll.
The gnoll is heavily wounded.
The gnoll misses you.
Terence shouts, "Get ready for death!"
Terence hits you from afar with a +0 trident.
The gnoll hits you with a +0 club.
Okay, then.
A goblin comes into view. It is wielding a +0 dagger.
You howl as the wereblood boils in your veins!
Your horns disappear.
Your talons disappear.
Your +0 pair of boots unmelds from your body.
The gnoll attacks as you move away! The gnoll closely misses you.
Okay, then.
You hit the gnoll.
The gnoll is heavily wounded.
The gnoll hits you with a +0 club.
* * * LOW HITPOINT WARNING * * *
Terence closely misses you.
You barely miss the gnoll.
The gnoll is heavily wounded.
The gnoll hits you but does no damage.
Terence hits you from afar with a +0 trident.
* * * LOW HITPOINT WARNING * * *
You hit the gnoll.
The gnoll is almost dead.
The gnoll hits you but does no damage.
Terence hits you from afar with a +0 trident.
You die...

..... ..# ..........
#....##.######......###.
#....)g...............#.
#....##g######....#.# #.
#... #..............#.#.
#.. ##@###........... .
#.. #................
#....####@g.##...##.#.#.
.......@g.............
.....####...##..###...#.
##.#.# ######..###.....
#.#.# #.........#. .# .#
#.#.# #........... .# .#
#.#.# #..####..##. .##.#
#.#.# #..#........ ....#
#.#.# #..#.##..##. ....#
#.#.# #..#.##.....


You could see Terence and 2 gnolls.

Vanquished Creatures
  A gnoll (D:3)
  A worm (D:3)
  A dart slug (D:1)
  4 orcs (D:3)
  2 endoplasms (D:3)
  4 giant cockroaches
  4 hobgoblins
  4 jackals (D:3)
  2 kobolds
  5 ball pythons
  4 bats
  3 frilled lizards (D:2)
  3 rats
38 creatures vanquished.

Notes
Turn   | Place    | Note
-------+----------+-------------------------------------------
     0 | D:1      | Timinator the Demigod Transmuter began the quest for the
                  | Orb.
     0 | D:1      | Reached XP level 1. HP: 15/15 MP: 5/5
   290 | D:1      | Reached skill level 1 in Fighting
   870 | D:2      | Reached XP level 2. HP: 23/23 MP: 5/7
  1423 | D:3      | Learned a level 2 spell: Wereblood
  1556 | D:3      | Reached skill level 3 in Unarmed Combat
  1558 | D:3      | Reached XP level 3. HP: 28/28 MP: 4/8
  1573 | D:3      | Reached skill level 1 in Armour
  1914 | D:3      | Noticed Terence
  1933 | D:3      | HP: 1/28 [Terence/+0 trident (4)]
  1934 | D:3      | Slain by Terence

Illustrated notes

Levels and vault maps discovered:
D:1:      lemuel_arrival_muddy, layout_loops_ring,
          ebering_ecumenical_altar_abandoned, grunt_decor_arrowhead
D:2:      minmay_alternating_diamond, layout_rooms
D:3:      layout_basic, nicolae_overflow_crystal_walls, uniq_terence

Skill      XL: |  1  2  3 |
---------------+----------+-----
Fighting       | 1 |  1.4
Dodging        | 2 |  2.2
Transmutations | 2 |  2.2
Unarmed Combat | 3 |  3.0
Spellcasting   | 2 |  2.0
Armour         | 1 |  1.0

Action                   || total
-------------------------++-------
Melee: Unarmed           ||    88
       Kick              ||    18
       Headbutt          ||    10
       Punch             ||     3
 Cast: Beastly Appendage ||    17
       Wereblood         ||     2
 Stab: Sleeping          ||     1
Armor: Leather armour    ||    19
Dodge: Dodged            ||    58
